 Dungeon Crawl Stone Soup version 0.22-a0-799-g88f5e90 (webtiles) character file.

4 Amnesiac the Magician (level 1, -1/13 HPs)
             Began as a Mummy Earth Elementalist on July 21, 2018.
             Slain by an ooze (4 damage)
             ... on level 3 of the Dungeon.
             The game lasted 00:00:42 (118 turns).

Amnesiac the Magician (Mummy Earth Elementalist)     Turns: 118, Time: 00:00:42

Health: -1/13      AC:  2    Str: 11    XL:     1   Next: 50%
Magic:  4/4        EV: 12    Int: 14    God:
Gold:   21         SH:  0    Dex: 12    Spells: 4/5 levels left

rFire    x . .     SeeInvis .   e - +0 dagger
rCold    + . .     Gourm    .   (no shield)
rNeg     + + +     Faith    +   c - +0 robe
rPois    ∞         Spirit   .   (no helmet)
rElec    .         Reflect  .   (no cloak)
rCorr    .         Harm     .   (no gloves)
MR       .....                  (no boots)
Stlth    ++........             d - amulet of faith
HPRegen  0.04/turn              (no ring)
MPRegen  0.09/turn              (no ring)

@: no status effects
A: no food or potions, fire vulnerability, cold resistance 1, negative energy
resistance 3, torment resistance, unbreathing
a: no special abilities


You were on level 3 of the Dungeon.
You were not hungry.

You visited 1 branch of the dungeon, and saw 4 of its levels.

You collected 21 gold pieces.

Inventory:

Hand Weapons
 e - a +0 dagger (weapon)
Missiles
 b - 27 stones (quivered)
Armour
 c - a +0 robe (worn)
Jewellery
 d - an amulet of faith (around neck)
Scrolls
 a - a scroll of noise {!r, unknown}
 f - a scroll of enchant weapon {!r, unknown}


   Skills:
 - Level 1.5 Dodging
 - Level 1.5 Stealth
 + Level 2.7 Spellcasting
   Level 0.7 Transmutations
 * Level 2.6 Earth Magic


You had 4 spell levels left.
You knew the following spells:

 Your Spells              Type           Power        Failure   Level  Hunger
a - Sandblast             Erth           #.....       8%          1    N/A

Your spell library contained the following spells:

 Spells                   Type           Power        Failure   Level  Hunger
 Stone Arrow              Conj/Erth      #.....       36%         3    N/A
 Passwall                 Tmut/Erth      #.......     17%         2    N/A
 Lee's Rapid Deconstruct  Erth           #.........   90%         5    N/A
 Petrify                  Tmut/Erth      #.......     73%         4    N/A

Dungeon Overview and Level Annotations

Branches:
Dungeon (4/15)
 Temple: D:4-7

Altars:


Innate Abilities, Weirdness & Mutations

You do not eat or drink.
Your flesh is vulnerable to fire.
You are immune to poison.
Your flesh is cold resistant. (rC+)
You are immune to negative energy. (rN+++)
You are immune to unholy pain and torment.
You can survive without breathing.


Message History

e - a dagger The bat hits you but does no damage.
Wield which item (- for none, * to show all)? (? for menu, Esc to quit)
That's the wrong kind of item! (Use * to select it.) Wield which item (- for none, * to show all)? (? for menu, Esc to quit)
e - a +0 dagger (weapon)
The bat misses you.
You miss the bat. The bat hits you but does no damage.
You miss the bat. The bat hits you but does no damage.
The bat closely misses you.
You barely miss the bat. The bat hits you but does no damage.
The bat hits you but does no damage.
You hit the bat but do no damage. The bat hits you but does no damage.
You hit the bat.
The bat is severely wounded.
The bat closely misses you. The bat misses you.
You hit the bat.
You kill the bat!
Training target 2.6 for Earth Magic reached!
You need to enable at least one skill for training.
Found 10 gold pieces.
There is a stone staircase leading down here.
Your magical contamination has completely faded away.
You now have 21 gold pieces (gained 10).
There is a stone staircase leading down here.
You climb downwards.
A frilled lizard and a scorpion come into view.
There is a stone staircase leading up here.
The helpless frilled lizard fails to defend itself.
You puncture the frilled lizard!
You kill the frilled lizard!
There is a stone staircase leading up here.
You climb upwards.
There is a stone staircase leading down here.
Magic restored.
f - a scroll labeled NUFATU NAMOHA {!r} An ooze comes into view.
The ooze quivers.
You hit the ooze.
The ooze is lightly wounded.
The ooze barely misses you.
You barely miss the ooze.
The ooze is lightly wounded.
The ooze hits you.
You hit the ooze.
The ooze is moderately wounded.
The ooze closely misses you.
You barely miss the ooze.
The ooze is moderately wounded.
The ooze hits you.
You hit the ooze.
The ooze is heavily wounded.
The ooze closely misses you.
You hit the ooze.
The ooze is severely wounded.
The ooze hits you.
You hit the ooze.
The ooze is severely wounded.
The ooze hits you.
* * * LOW HITPOINT WARNING * * *
You hit the ooze but do no damage.
The ooze is severely wounded.
The ooze hits you.
You die...

########## #........#
#.######@# #.# #J#
####.## #.# #.....# #..
##.....################
............>............
...####....#.############
.. ###.##.#.###### .
#......†......#


You could see an ooze.

Vanquished Creatures
  An orc (D:3)
  A bat (D:3)
  A frilled lizard (D:4)
3 creatures vanquished.

Notes
Turn   | Place    | Note
-------+----------+-------------------------------------------
     0 | D:1      | Amnesiac the Mummy Earth Elementalist began the quest for the Orb.
     0 | D:1      | Reached XP level 1. HP: 13/13 MP: 4/4
    87 | D:4      | Noticed a scorpion
   118 | D:3      | Slain by an ooze

Vault maps used:
D:1:      dpeg_arrival_more_subterranean_lakeside_camping,
          minmay_misc_feat_nine_boxes
D:2:      led_sif_pool, grunt_gozag_breadcrumbs
D:3:      makhleb_blood_cavern_becter, kiku_gazebo_pond_becter, uniq_natasha

Action                   || total
-------------------------++-------
Melee: Dagger            ||    15
 Cast: Sandblast         ||     3
 Stab: Sleeping          ||     1
Armor: Robe              ||     7
Dodge: Dodged            ||    10

Table legend:
 A = Spawn XP
 B = Non-spawn XP
 C = Spawn XP percentage of total XP
 D = Spawn monster count
 E = Non-spawn monster count
 F = Spawn count percentage of total count
 G = Total turns spent on level
                    A         B        C        D         E        F      G
               +---------+---------+-------+---------+---------+-------+---------
         Total |       0 |       6 |   0.0 |       0 |       3 |   0.0 |   118
               +---------+---------+-------+---------+---------+-------+---------
           D:3 |       0 |       5 |   0.0 |       0 |       2 |   0.0 |    71
           D:4 |       0 |       1 |   0.0 |       0 |       1 |   0.0 |     7
               +---------+---------+-------+---------+---------+-------+---------
